 Dungeon Crawl Stone Soup version 0.31-a0-460-g9e667d4245 (webtiles) character file.

Game seed: 4730431208913441315

26001 senseless the Mimic (level 13, -10/124 HPs)
             Began as a Merfolk Shapeshifter on Aug 4, 2023.
             Was a Priest of the Shining One.
             Mangled by a very large slime creature (53 damage)
             ... on level 13 of the Dungeon.
             The game lasted 00:34:34 (13119 turns).

senseless the Mimic (Merfolk Shapeshifter)         Turns: 13119, Time: 00:34:34

Health: -10/124    AC: 12    Str: 24    XL:     13   Next: 23%
Magic:  14/19      EV: 21    Int:  7    God:    the Shining One [***...]
Gold:   471        SH:  0    Dex: 16    Spells: 12/12 levels left

rFire   . . .        g - melded +4 mace of the Iron City of Dis {spect, rF+}
rCold   . . .        (shield currently unavailable)
rNeg    + . .        q - melded +3 leather armour {rPois}
rPois   .            I - melded +2 helmet
rElec   .            f - melded +0 cloak
rCorr   .            R - melded +1 pair of gloves
SInv    .            O - melded +0 pair of boots
Will    +....        (no amulet)
Stlth   +            E - +5 ring of evasion
HPRegen 0.40/turn    w - ring of willpower
MPRegen 0.16/turn

%: no passive effects
@: snake-form, glowing
A: constrict, boosted hp, large, (nimble swimmer 2), (mertail)
a: Begin Untransformation, Renounce Religion, Divine Shield, Cleansing Flame


You were on level 13 of the Dungeon.
You worshipped the Shining One.
The Shining One was most pleased with you.
You were an enormous anaconda.
You visited 2 branches of the dungeon, and saw 14 of its levels.
You also visited: Bailey.

You collected 1041 gold pieces.
You spent 570 gold pieces at shops.

Inventory:

Hand Weapons
 g - the +4 mace of the Iron City of Dis (melded) {spect, rF+}
   (You found it on level 3 of the Dungeon)

   rF:        It protects you from fire.
 Q - a +3 shortbow of flaming
 T - a +6 short sword
Armour
 f - a +0 cloak (melded)
 q - a +3 leather armour of poison resistance (melded)
 I - a +2 helmet (melded)
 O - a +0 pair of boots (melded)
 R - a +1 pair of gloves (melded)
Jewellery
 m - a ring of see invisible
 w - a ring of willpower (right hand)
 E - a +5 ring of evasion (left hand)
 H - a ring of fire
 L - a ring of protection from cold
Talismans
 c - a beast talisman
 k - a serpent talisman (active)
 G - a maw talisman
Wands
 h - a wand of charming (8)
 t - a wand of mindburst (20)
 x - a wand of iceblast (17)
 M - a wand of flame (31)
 S - a wand of digging (9)
Scrolls
 s - 7 scrolls of teleportation
 v - a scroll of brand weapon
 y - 9 scrolls of identify
 D - 3 scrolls of fear
 X - 2 scrolls of enchant armour
 Z - a scroll of fog
Potions
 a - 6 potions of might
 b - a potion of lignification
 d - 9 potions of curing
 n - 2 potions of magic
 o - a potion of resistance
 p - 2 potions of enlightenment
 r - a potion of brilliance
 z - a potion of ambrosia
 P - a potion of berserk rage
 Y - a potion of haste {unknown}


   Skills:
 + Level 10.3 Fighting
 + Level 12.5 Dodging
 + Level 10.6 Unarmed Combat
 + Level 8.5 Invocations
 * Level 14.8 Shapeshifting


You had 12 spell levels left.
You didn't know any spells.
Your spell library contained the following spells:

 Spells                   Type           Power      Damage    Failure   Level
 Magic Dart               Conj           0%         1d3       43%         1
 Blink                    Tloc           0%         N/A       56%         2
 Ensorcelled Hibernation  Hex/Ice        0%         N/A       56%         2
 Searing Ray              Conj           0%         2d4       56%         2
 Gell's Gravitas          Tloc           0%         N/A       80%         3
 Hailstorm                Conj/Ice       0%         3d3       80%         3
 Ozocubu's Armour         Ice            0%         N/A       80%         3
 Teleport Other           Tloc           0%         N/A       80%         3
 Anguish                  Hex/Necr       0%         N/A       99%         4
 Fulminant Prism          Conj/Hex       0%         3d5       99%         4
 Manifold Assault         Tloc           0%         N/A       99%         4
 Summon Ice Beast         Ice/Summ       0%         N/A       99%         4
 Metabolic Englaciation   Hex/Ice        0%         N/A       100%        5
 Dispersal                Tloc           0%         N/A       100%        6
 Simulacrum               Ice/Necr       0%         N/A       100%        6
 Ozocubu's Refrigeration  Ice            0%         4d7       100%        7
 Polar Vortex             Ice            0%         N/A       100%        9


Dungeon Overview and Level Annotations

Branches:
Dungeon (13/15)            Temple (1/1) D:5            Lair (0/5) D:10
    Orc (0/2) D:12         Bailey (visited)
 Vaults: D:13-14

Altars:
Ashenzari
Cheibriados
Dithmenos
Elyvilon
Fedhas
Gozag
Hepliaklqana
Kikubaaqudgha
Makhleb
Nemelex Xobeh
Okawaru
Qazlal
Ru
Sif Muna
Trog
Uskayaw
Vehumet
Wu Jian
Xom
Yredelemnul
Zin
The Shining One

Shops:
D:4 [=*?   D:8 :*   D:12 ?

Annotations:
D:11 Lodul


Innate Abilities, Weirdness & Mutations

You are an enormous anaconda.
You have a powerful constriction melee attack.
Your maximum health is increased.
Your armour is entirely melded.
You are incapable of wielding weapons or throwing items.
((You are very nimble when in or above water. (Stealth+, EV+, Speed+++)))
((Your lower body shifts to a powerful aquatic tail in water.))


Message History

You are too injured to fight recklessly!
You are too injured to fight recklessly!
You are too injured to fight recklessly!
Activating: Cleansing Flame (16% risk of failure)
Press: ? - help, Dir - look around, f - activate The golden flame engulfs you but does no damage.
You resist.
The golden flame engulfs the slime creature!
The slime creature is moderately wounded.
The golden flame engulfs the large slime creature!!
The large slime creature is lightly wounded.
The golden flame engulfs the very large slime creature!!
The very large slime creature is severely wounded.
The very large slime creature misses you.
The slime creature barely misses you.
The large slime creature completely misses you.
Press: ? - help, v - describe, . - travel
Here: a slime creature (moderately wounded, haloed)
The floor.
Unknown command.
You hit the very large slime creature but do no damage.
The very large slime creature is severely wounded.
The very large slime creature misses you.
The slime creature hits you but does no damage.
The large slime creature closely misses you.
You body-slam the very large slime creature!!
The very large slime creature is almost dead.
You lash the very large slime creature!
The very large slime creature is almost dead.
The very large slime creature misses you.
The slime creature barely misses you. The large slime creature misses you.
You hit the very large slime creature.
The very large slime creature is almost dead.
The very large slime creature completely misses you.
The slime creature hits you but does no damage.
The large slime creature hits you but does no damage.
You lash the very large slime creature!
The very large slime creature is almost dead.
The very large slime creature hits you!!!
You die...

#######
#.....####.......##########
#.....#..#.......+....#....
#.....#..#.......#..<.#....
#.....'..#.......#....'....
#.....#..#.......#....#....
#.....#..#.......##..##....
######.....#..#JJ..#####..##....
#..........#..#SJ..#......##....
#.[........#..#....#............
#..........#..'....#............
#..........#..#....#......##....
#..........#..#.>..#......##....
######.....#..#....#####..##....
###'###..#......###..##....
#.....#..#......#..........
#.....#..#......'..........


You could see a very large slime creature, a large slime creature and a slime
creature.

Vanquished Creatures
  Kirke (D:12)
  A sphinx (D:13)
  Harold (D:10)
  2 vault guards (Bailey)
  Erica (D:10)
  4 two-headed ogres
  3 centaur warriors (D:13)
  Urug (D:9)
  Sonja (D:10)
  A skeletal warrior (D:13)
  A deep elf knight (D:13)
  Pikel (D:8)
  A wolf spider (D:13)
  3 ugly things
  A manticore (D:12)
  A water nymph (shapeshifter) (D:13)
  Joseph (D:8)
  2 kobold demonologists
  Psyche (D:8)
  A freezing wraith (D:13)
  A komodo dragon (D:12)
  5 trolls
  Prince Ribbit (Bailey)
  11 yaks
  2 wyverns
  3 hogs (D:12)
  3 humans (Bailey)
  A vampire (D:13)
  A wraith (D:11)
  A steam dragon (D:8)
  8 vampire mosquitoes
  4 water moccasins
  2 ice beasts
  2 orc warriors
  A sky beast (D:6)
  9 ogres
  8 centaurs
  A phantom (D:5)
  A lemure (D:8)
  2 kobold brigands
  Blork the orc (D:4)
  12 bullfrogs
  A gnoll sergeant (D:9)
  3 scorpions
  11 wights
  5 killer bees (D:9)
  A howler monkey (D:9)
  A jelly (D:6)
  6 orc priests
  4 hounds
  A sleepcap (D:7)
  5 iguanas
  5 orc wizards
  15 gnolls
  7 adders
  A shadow imp (D:5)
  An ufetubus (D:5)
  3 dart slugs
  36 orcs
  5 ball pythons
  4 bats
  5 endoplasms
  6 giant cockroaches
  13 hobgoblins
  7 jackals
  22 kobolds
  3 quokkas
  A frilled lizard (D:3)
  16 goblins
  4 rats
301 creatures vanquished.

Vanquished Creatures (others)
  A wyvern (D:10)
1 creature vanquished.

Grand Total: 302 creatures vanquished

Notes
Turn   | Place    | Note
-------+----------+-------------------------------------------
     0 | D:1      | senseless the Merfolk Shapeshifter began the quest for the
                  | Orb.
     0 | D:1      | Reached XP level 1. HP: 15/15 MP: 1/1
    55 | D:1      | Reached XP level 2. HP: 18/21 MP: 2/2
   289 | D:1      | Reached XP level 3. HP: 27/27 MP: 3/3
   819 | D:2      | You fall into a shaft and drop 1 floor!
   873 | D:3      | Found a snail-covered altar of Cheibriados.
   894 | D:3      | Found a bloodstained altar of Trog.
   911 | D:3      | Reached XP level 4. HP: 31/33 MP: 4/4
  1075 | D:3      | Noticed a scorpion
  1088 | D:3      | Killed a scorpion
  1089 | D:3      | Reached skill level 5 in Shapeshifting
  1089 | D:3      | Reached XP level 5. HP: 11/39 MP: 5/5
  1684 | D:3      | Found a white marble altar of Elyvilon.
  1753 | D:3      | Identified the +4 mace of the Iron City of Dis {spect, rF+}
  1814 | D:3      | Found a shimmering blue altar of Sif Muna.
  1814 | D:3      | Found a hide-covered altar of Uskayaw.
  1815 | D:3      | Found a basalt altar of Yredelemnul.
  2044 | D:4      | Found Vire's Magic Scroll Boutique.
  2067 | D:4      | Found Vuschosex's Jewellery Boutique.
  2076 | D:4      | Reached XP level 6. HP: 47/47 MP: 6/6
  2356 | D:4      | Noticed Blork the orc
  2363 | D:4      | Killed Blork the orc
  2364 | D:4      | Reached skill level 6 in Shapeshifting
  2553 | D:4      | Found Hinlon's Armour Emporium.
  2710 | D:4      | Found Koiraih's General Store.
  2713 | D:4      | Bought a +3 leather armour of poison resistance for 210
                  | gold pieces
  2792 | D:5      | Entered Level 5 of the Dungeon
  2846 | D:5      | Found an ornate altar of the Wu Jian Council.
  2942 | D:5      | Found a staircase to the Ecumenical Temple.
  2948 | D:5      | Reached XP level 7. HP: 44/53 MP: 7/7
  2952 | Temple   | Entered the Ecumenical Temple
  2966 | Temple   | Became a worshipper of the Shining One
  2983 | D:5      | Reached skill level 5 in Dodging
  3009 | D:5      | Reached skill level 5 in Unarmed Combat
  3062 | D:5      | Reached skill level 7 in Shapeshifting
  3275 | D:5      | Reached XP level 8. HP: 61/61 MP: 8/8
  3275 | D:5      | Reached * piety under the Shining One
  3535 | D:5      | Found a burning altar of Makhleb.
  4036 | D:6      | Reached skill level 5 in Fighting
  4095 | D:6      | Reached skill level 8 in Shapeshifting
  4650 | D:7      | Reached XP level 9. HP: 68/68 MP: 9/9
  4748 | D:7      | Reached skill level 1 in Invocations
  4863 | D:7      | Reached skill level 9 in Shapeshifting
  5218 | D:7      | Found a flagged portal.
  5235 | Bailey   | Entered a bailey
  5409 | Bailey   | Reached skill level 10 in Shapeshifting
  5503 | Bailey   | Noticed a vault guard
  5514 | Bailey   | Killed a vault guard
  5515 | Bailey   | Reached XP level 10. HP: 43/77 MP: 9/12
  5665 | Bailey   | Noticed a vault guard
  5665 | Bailey   | Noticed Prince Ribbit
  5678 | Bailey   | Killed Prince Ribbit
  5682 | Bailey   | Killed a vault guard
  6097 | D:7      | Found an opulent altar of Gozag.
  6098 | D:7      | Found a glowing silver altar of Zin.
  6200 | D:4      | Bought a +5 ring of evasion for 360 gold pieces
  6574 | D:8      | Noticed Joseph
  6586 | D:8      | Killed Joseph
  6593 | D:8      | Reached skill level 11 in Shapeshifting
  6836 | D:8      | Noticed Psyche
  6840 | D:8      | Noticed a two-headed ogre
  6842 | D:8      | Killed Psyche
  6852 | D:8      | Killed a two-headed ogre
  6853 | D:8      | Reached skill level 5 in Invocations
  6945 | D:8      | Found Bosus's General Store.
  6970 | D:8      | Found Zenus's Book Boutique.
  7048 | D:8      | Reached XP level 11. HP: 86/86 MP: 14/14
  7119 | D:8      | Noticed Pikel
  7124 | D:8      | Killed Pikel
  7376 | D:9      | Found a shadowy altar of Dithmenos.
  7453 | D:9      | Reached skill level 10 in Dodging
  7498 | D:9      | Noticed a two-headed ogre
  7508 | D:9      | Killed a two-headed ogre
  7509 | D:9      | Reached skill level 12 in Shapeshifting
  7619 | D:9      | Found a blossoming altar of Fedhas.
  7693 | D:9      | Noticed a two-headed ogre
  7698 | D:9      | Killed a two-headed ogre
  8151 | D:10     | Entered Level 10 of the Dungeon
  8151 | D:10     | Noticed Sonja
  8160 | D:10     | Killed Sonja
  8419 | D:10     | Found a staircase to the Lair.
  8513 | D:10     | Noticed Erica
  8513 | D:10     | Reached ** piety under the Shining One
  8521 | D:10     | Killed Erica
  8721 | D:10     | Noticed Harold
  8729 | D:10     | Killed Harold
  8732 | D:10     | Noticed Urug
  8780 | D:9      | HP: 5/104 [Urug/+4 scimitar (14)]
  8783 | D:9      | Killed Urug
  9219 | D:11     | Reached XP level 12. HP: 93/94 MP: 15/17
  9221 | D:11     | Reached skill level 13 in Shapeshifting
  9346 | D:11     | Noticed Lodul
  9948 | D:11     | Identified the +1 scale mail "Orobum" {MP+9 Str+4 Stlth-}
 10030 | D:11     | Noticed a two-headed ogre
 10034 | D:11     | Killed a two-headed ogre
 10923 | D:11     | Identified a scroll of acquirement
 10923 | D:11     | Acquired a ring of protection from cold
 11287 | D:12     | Noticed Kirke
 11299 | D:12     | Killed Kirke
 11300 | D:12     | Reached skill level 10 in Unarmed Combat
 11320 | D:12     | Found a staircase to the Orcish Mines.
 11383 | D:12     | Reached skill level 14 in Shapeshifting
 11605 | D:12     | Found Gotas's Magic Scroll Boutique.
 11866 | D:13     | Reached *** piety under the Shining One
 11970 | D:13     | Noticed a centaur warrior
 11981 | D:13     | Killed a centaur warrior
 12104 | D:13     | Noticed a sphinx
 12104 | D:13     | Noticed a centaur warrior
 12104 | D:13     | Noticed a deep elf knight
 12107 | D:13     | Killed a deep elf knight
 12113 | D:13     | Reached skill level 10 in Fighting
 12117 | D:13     | Killed a sphinx
 12118 | D:13     | Reached XP level 13. HP: 44/103 MP: 17/19
 13119 | D:13     | Mangled by a very large slime creature

Illustrated notes

Levels and vault maps discovered:
D:1:      minmay_arrival_diagonal_passages, layout_rooms
D:2:      layout_basic, minivault_27
D:3:      layout_loops_ring, trog_hazing_becter, kennysheep_slug_shrine,
          gammafunk_temple_overflow_claw, nicolae_elyvilon_peaceful_grove,
          serial_forest, infiniplex_forest_clump_C, infiniplex_forest_corner_1,
          infiniplex_forest_lined_4_way, infiniplex_forest_end_2,
          infiniplex_forest_lined_room_, infiniplex_forest_clump_small,
          infiniplex_forest_straight_3, infiniplex_forest_straight_5,
          infiniplex_forest_zigzag_1, kennysheep_generic_room_8
D:4:      layout_loops_cross, serial_shops, nicolae_shop_rolling_square,
          nicolae_shop_real_fake_doors, shop, nicolae_shop_rolling_square,
          uniq_blork_the_orc
D:5:      layout_basic, amcnicky_altar_gilded, makhleb_grotto_becter,
          minmay_temple_entry_proselytizer
D:6:      minmay_general_purpose_star, layout_cave_pods,
          chequers_serial_rivers_micro_b, amcnicky_mini_corridor_feature
D:7:      layout_basic, grunt_temple_overflow_gold_and_silver,
          lightli_bailey_entry_fortress
D:8:      layout_rooms, serial_shops, shop, kennysheep_little_box, uniq_joseph,
          uniq_psyche, uniq_pikel
D:9:      layout_loops_ring, general_overflow_altar,
          mainiacjoe_overflow_brackets, hangedman_decor_peaks_small
D:10:     layout_rooms, lair_entry_dummy, dreamdust_princess_bridge, uniq_urug,
          uniq_sonja, uniq_erica, uniq_harold
D:11:     layout_grid_maze, uniq_lodul
D:12:     layout_long_grid, orc_0_dummy, serial_shops, shop, uniq_kirke
D:13:     layout_gridville, minmay_checkered_concentric_circles
Temple:   hellmonk_temple_rainy

Skill      XL: |  1  2  3  4  5  6  7  8  9 10 11 12 |
---------------+-------------------------------------+-----
Dodging        | 3 4 5 6 8 9 10 12 | 12.5
Fighting       | 2 3 4 5 6 7 8 10 | 10.3
Unarmed Combat | 4 5 6 7 8 9 10 | 10.6
Shapeshifting  | 5 6 7 8 10 11 12 14 | 14.8
Invocations    | 3 5 6 8 |  8.5

Action                     |  1- 3 |  4- 6 |  7- 9 | 10-12 | 13-15 || total
---------------------------+-------+-------+-------+-------+-------++-------
  Melee: Unarmed           |    58 |       |    94 |   355 |    62 ||   569
         Punch             |     2 |     1 |     3 |       |       ||     6
         Short sword       |    26 |    54 |       |       |       ||    80
         Tailslap          |       |     1 |       |       |       ||     1
         Mace              |       |    52 |    67 |       |       ||   119
         Constrict         |       |       |    23 |    91 |     9 ||   123
 Invoke: Divine Shield     |       |       |     1 |     5 |     1 ||     7
         Cleansing Flame   |       |       |       |       |     1 ||     1
    Use: Scroll            |       |    11 |     6 |     9 |     1 ||    27
         Potion            |       |       |       |     2 |       ||     2
   Stab: Sleeping          |       |     1 |       |       |       ||     1
 Armour: Animal skin       |     3 |       |       |       |       ||     3
         Ring mail         |    15 |    38 |       |       |       ||    53
         Leather armour    |       |       |    16 |       |       ||    16
         Skin              |       |       |    21 |    76 |    19 ||   116
  Dodge: Dodged            |    44 |    94 |    95 |   283 |    81 ||   597
  Block: Other             |       |       |     2 |    18 |    10 ||    30
   Form: Anaconda          |       |       |     1 |       |     1 ||     2
                           |       |       |       |       |     1 ||     1

Table legend: (Time is in decaauts)
 A = Elapsed time spent in this place.
 B = Non-inter-level travel time spent in this place.
 C = Inter-level travel time spent in this place.
 D = Time resting spent in this place.
 E = Time spent auto-exploring this place.
 F = Levels seen in this place.
 G = Mean time per level.
                   A        B        C        D        E       F      G
               +--------+--------+--------+--------+--------+-----+--------+
         Total |  13088 |  12540 |    548 |    758 |   9930 |  15 |  872.5 |
       Dungeon |  12376 |  11837 |    539 |    758 |   9362 |  13 |  952.0 |
        Temple |     24 |     15 |      9 |      0 |      0 |   1 |   24.0 |
        Bailey |    687 |    687 |      0 |      0 |    568 |   1 |  687.0 |
               +--------+--------+--------+--------+--------+-----+--------+

Top non-repeatable levels by time:
    D:11: 1836 daAuts
     D:7: 1277 daAuts
    D:13: 1241 daAuts
     D:6: 1119 daAuts
     D:9: 1109 daAuts
     D:3: 937 daAuts
    D:10: 847 daAuts
     D:4: 820 daAuts
    D:12: 800 daAuts
     D:5: 771 daAuts
  Bailey: 687 daAuts
     D:2: 550 daAuts
     D:8: 544 daAuts
     D:1: 520 daAuts
  Temple: 24 daAuts
